 Dungeon Crawl Stone Soup version 0.27-a0-1149-g4505690ab0 (webtiles) character file.

Game seed: 10652990525330188594

115 Sobieck the Chopper (level 5, 0/41 HPs)
             Began as a Formicid Fighter on May 13, 2021.
             Slain by a centaur (1 damage)
             ... on level 5 of the Dungeon.
             The game lasted 00:01:24 (617 turns).

Sobieck the Chopper (Formicid Fighter)               Turns: 617, Time: 00:01:25

Health: 0/41       AC:  6    Str: 22    XL:     5   Next: 20%
Magic:  5/5        EV:  8    Int:  7    God:
Gold:   0          SH:  9    Dex: 10    Spells: 4/4 levels left

rFire    . . .     SeeInvis +   a - +0 war axe {axe}
rCold    . . .     Faith    .   c - +0 kite shield
rNeg     . . .     Spirit   .   b - +0 scale mail
rPois    .         Reflect  .   (helmet unavailable)
rElec    .         Harm     .   (no cloak)
rCorr    .         Rampage  .   (no gloves)
Will     .....                  (no boots)
Stlth    ..........             (no amulet)
HPRegen  0.13/turn              (no ring)
MPRegen  0.09/turn              (no ring)

@: no status effects
A: permanent stasis, dig shafts and tunnels, antennae 3, four strong arms
a: Dig, Shaft Self


You were on level 5 of the Dungeon.
You visited 1 branch of the dungeon, and saw 5 of its levels.


Innate Abilities, Weirdness & Mutations

You cannot be hasted, slowed, berserked, paralysed or teleported.
You can dig through walls and to a lower floor.
You have a pair of large antennae on your head. (SInv)
Your four strong arms can wield two-handed weapons with a shield.


   Skills:
 - Level 3.2 Fighting
 + Level 5.0 Axes
 - Level 3.2 Armour
 - Level 3.6 Shields


You had 4 spell levels left.
You didn't know any spells.
Your spell library was empty.

Inventory:

Hand Weapons
 a - a +0 war axe (weapon) {axe}
Missiles
 e - 19 poisoned darts {throwing}
 f - 11 stones {throwing}
 g - 17 arrows
Armour
 b - a +0 scale mail (worn)
 c - a +0 kite shield (worn)
Jewellery
 d - an amulet of guardian spirit
   (You found it on level 6 of the Dungeon)
Potions
 h - a potion of magic {unknown}

Dungeon Overview and Level Annotations

Branches:
Dungeon (6/15)
 Temple: D:4-7

Altars:
Sif Muna

#.......... .[...
#......#..# ......
#..c...#..##...... .
#................
..#.(....$#.......
..........#.....#
.........##.....#
#######......##c.....###
.............#.#@......#
..............#####...##
......).......## ###
#######........#
.......>.....###
.####.....[..#
#..#......##
.....#.......#
.............##


You could see a centaur.


Message History

The centaur kicks you but does no damage.
The centaur hits you.
You block the centaur's attack. 😕 HP[-2]
You take 2 damage, and now have 24/29 hp.
You slash the centaur! The centaur hits you. You block the centaur's attack.
The centaur closely misses you. The centaur barely misses you. 😮 HP[-3]
You take 3 damage, and now have 21/29 hp.
You hit the centaur. You block the centaur's attack.
The centaur barely misses you. You block the centaur's attack.
The centaur kicks you but does no damage.
You slash the centaur!
You kill the centaur!
Your Axes skill gained 2 levels and is now at level 5!
You have reached level 4!
You feel stronger.
You have reached level 5! 😮 HP[+9] MP[+2]
You now have 41 max hp (+12).
You regained 9 hp, and now have 30/41 hp.
Your mp is fully restored (5).
You start resting. 😎 HP[+11]
Your hp is fully restored (41).
g - 17 arrows;
h - a bubbling amethyst potion
Things that are here:
a +0 shortbow {bow}; a +0 robe A centaur comes into view.
The centaur shouts!
The centaur wields a +0 shortbow.
The centaur shoots an arrow.
The arrow hits you. 😕 HP[-6]
You take 6 damage, and now have 35/41 hp.
The centaur shoots an arrow.
You block the arrow.
The centaur shoots an arrow.
The arrow hits you! 😮 HP[-9]
You take 9 damage, and now have 26/41 hp.
MASSIVE DAMAGE!! (PAUSE)
You extend your mandibles.
You dig through the rock wall.
You dig through the rock wall.
You dig through the rock wall. 😮 HP[+1] Unknown command.
You start resting.
The centaur unwields a +0 shortbow.
The centaur hits you but does no damage.
You block the centaur's attack.
You retract your mandibles.
You slash the centaur! You block the centaur's attack.
The centaur kicks you but does no damage.
You completely miss the centaur. The centaur hits you.
The centaur completely misses you. The centaur closely misses you.
You block the centaur's attack. The centaur barely misses you.
You block the centaur's attack. 😮 HP[-1]
You take 1 damage, and now have 26/41 hp.
You closely miss the centaur. The centaur hits you.
You block the centaur's attack. The centaur hits you.
* * * LOW HITPOINT WARNING * * *
You block the centaur's attack. 😨 HP[-6]
You take 6 damage, and now have 20/41 hp.
You hit the centaur but do no damage.
The centaur hits you but does no damage.
The centaur closely misses you. The centaur hits you.
* * * LOW HITPOINT WARNING * * *
You block the centaur's attack. 😨 HP[-3]
You take 3 damage, and now have 17/41 hp.
Unknown command.
Your scale mail prevents you from hitting the centaur.
The centaur barely misses you. The centaur closely misses you.
The centaur hits you.
* * * LOW HITPOINT WARNING * * *
The centaur barely misses you. 😨 HP[-6]
You take 6 damage, and now have 11/41 hp.
Unknown command.
You hit the centaur but do no damage. The centaur hits you.
* * * LOW HITPOINT WARNING * * *
The centaur completely misses you. The centaur hits you.
* * * LOW HITPOINT WARNING * * *
You block the centaur's attack. 😱 HP[-5]
You take 5 damage, and now have 6/41 hp.
Unknown command.
You slash the centaur! The centaur completely misses you.
The centaur kicks you but does no damage.
The centaur closely misses you. The centaur kicks you.
* * * LOW HITPOINT WARNING * * *
😱 HP[-1]
You take 1 damage, and now have 5/41 hp.
Unknown command.
You barely miss the centaur. The centaur hits you.
* * * LOW HITPOINT WARNING * * *
The centaur barely misses you. The centaur hits you.
* * * LOW HITPOINT WARNING * * *
The centaur kicks you.
You die...

Skill      XL: |  1  2  3 |
---------------+----------+-----
Axes           | 3 5 |  5.0
Fighting       | |  3.2
Armour         | |  3.2
Shields        | |  3.6

Action                   |  1- 3 |  4- 6 || total
-------------------------+-------+-------++-------
Melee: War axe           |    23 |     8 ||    31
 Abil: Shaft Self        |     3 |       ||     3
       Dig               |       |     1 ||     1
  Use: Potion            |     1 |       ||     1
Armor: Scale mail        |    20 |     4 ||    24
Dodge: Dodged            |    18 |    11 ||    29
Block: Kite shield       |    15 |     9 ||    24

Levels and vault maps discovered:
D:1:      heliophobic_arrival_glass_houses, layout_loops_ring,
          grunt_decor_one_mirror
D:2:      layout_loops_ring, ebering_ecumenical_altar_mist, basic_altar
D:3:      layout_basic, fedhas_ov_isle_minmay, general_overflow_altar,
          lemuel_crystal_altar, lemuel_doored_altar, corexii_shack, uniq_jessica
D:5:      layout_cave_pools, kennysheep_little_box, lemuel_blue_sif_altar,
          grunt_gozag_breadcrumbs, gammafunk_ghost_arena, kennysheep_nondescript
D:6:      layout_layer_cave, makhleb_grotto_becter

Notes
Turn   | Place    | Note
-------+----------+-------------------------------------------
     0 | D:1      | Sobieck the Formicid Fighter began the quest for the Orb.
     0 | D:1      | Reached XP level 1. HP: 18/18 MP: 1/1
     0 | D:1      | magus.rc [v1.9.6]
   260 | D:1      | You fall into a shaft and drop 1 floor!
   263 | D:2      | You fall into a shaft and drop 1 floor!
   266 | D:3      | You fall into a shaft and drop 3 floors!
   281 | D:6      | Noticed an iguana
   289 | D:6      | Killed an iguana
   290 | D:6      | Reached skill level 3 in Axes
   290 | D:6      | Reached XP level 2. HP: 9/24 MP: 2/2
   290 | D:6      | Reached XP level 3. HP: 11/29 MP: 3/3
   333 | D:6      | Noticed a sky beast
   343 | D:5      | Entered Level 5 of the Dungeon
   488 | D:5      | Found a shimmering blue altar of Sif Muna.
   498 | D:5      | Noticed a centaur
   505 | D:5      | Killed a centaur
   506 | D:5      | Reached skill level 5 in Axes
   506 | D:5      | Reached XP level 4. HP: 26/35 MP: 4/4
   506 | D:5      | Reached XP level 5. HP: 30/41 MP: 5/5
   601 | D:5      | Noticed a centaur
   615 | D:5      | HP: 9/41 [centaur (2)]
   617 | D:5      | HP: 2/41 [centaur (3)]
   617 | D:5      | Slain by a centaur

Vanquished Creatures
  A centaur (D:5)
  An iguana (D:6)
  A hobgoblin (D:1)
  2 quokkas (D:1)
  A bat (D:1)
6 creatures vanquished.

Table legend:
 A = Non-vault XP
 B = Vault XP
 C = Vault XP percentage of total XP
 D = Non-vault monster count
 E = Vault monster count
 F = Vault count percentage of total count
                 A         B        C        D         E       F
            +---------+---------+-------+---------+---------+-------
      Total |     165 |       0 |   0.0 |       6 |       0 |   0.0
            +---------+---------+-------+---------+---------+-------
        D:1 |       7 |       0 |   0.0 |       4 |       0 |   0.0
        D:5 |     122 |       0 |   0.0 |       1 |       0 |   0.0
        D:6 |      36 |       0 |   0.0 |       1 |       0 |   0.0
            +---------+---------+-------+---------+---------+-------

Illustrated notes

Table legend:
 A = Kills in this place as a percentage of kills in entire the game.
 B = Kills by you in this place as a percentage of kills by you in the entire game.
 C = Kills by friends in this place as a percentage of kills by friends in the entire game.
 D = Other kills in this place as a percentage of other kills in the entire game.
 E = Experience gained in this place as a percentage of experience gained in the entire game.
 F = Experience gained in this place divided by the number of levels of this place that you have seen.
                   A       B       C       D       E      F
               +-------+-------+-------+-------+-------+----------------------
         Total | 100.0 | 100.0 |   N/A |   N/A | 100.0 |  33.0
       Dungeon | 100.0 | 100.0 |   N/A |   N/A | 100.0 |  33.0
               +-------+-------+-------+-------+-------+----------------------

Table legend: (Time is in decaauts)
 A = Elapsed time spent in this place.
 B = Non-inter-level travel time spent in this place.
 C = Inter-level travel time spent in this place.
 D = Time resting spent in this place.
 E = Time spent auto-exploring this place.
 F = Levels seen in this place.
 G = Mean time per level.
                   A        B        C        D        E       F      G
               +--------+--------+--------+--------+--------+-----+--------+
         Total |    632 |    632 |      0 |    346 |    128 |   5 |  126.4 |
       Dungeon |    632 |    632 |      0 |    346 |    128 |   5 |  126.4 |
               +--------+--------+--------+--------+--------+-----+--------+

Top non-repeatable levels by time:
     D:5: 279 daAuts
     D:1: 269 daAuts
     D:6: 77 daAuts
     D:3: 2 daAuts
     D:2: 2 daAuts
